Selects Australian Defense Battlegroup
Selects Australian Light Infantry Section
Australian Light Infantry Section
Construct Section Command Post
Construct Platoon Command Post
Selects 2-pounder Anti-tank Gun Team
Construct Field Infirmary
Construct Field Infirmary
Selects Vehicle Over Repair
Selects Vehicle Over Repair
2-pounder Anti-tank Gun Team
2-pounder Anti-tank Gun Team
Selects CMP 15cwt Supply Run
Selects Reinforced Resource Caches
Construct Company Command Post